 Dungeon Sprint DCSS version 0.26-a0-652-gafc20e3620 (webtiles) character file.

Game seed: 8106488152857619248

31 rocky1 the Firebug (level 3, 0/19 HPs)
             Began as a Deep Elf Fire Elementalist on Oct 3, 2020.
             Was a Believer of Sif Muna.
             Slain by a big kobold
             ... wielding a +1 whip of freezing
              (3 damage)
             ... in the Dungeon (Sprint VII: "The Pits").
             The game lasted 00:02:18 (424 turns).

rocky1 the Firebug (Deep Elf Fire Elementalist)      Turns: 424, Time: 00:02:20

Health: 0/19       AC:  2    Str:  5    XL:     3   Next: 7%
Magic:  8/11       EV: 13    Int: 20    God:    Sif Muna [**....]
Gold:   0          SH:  0    Dex: 15    Spells: 11/12 levels left

rFire    . . .     SeeInvis .   m - +1 quarterstaff (protect)
rCold    . . .     Faith    .   (shield currently unavailable)
rNeg     . . .     Spirit   .   a - +0 robe
rPois    .         Reflect  .   (no helmet)
rElec    .         Harm     .   (no cloak)
rCorr    .         Rampage  .   (no gloves)
MR       .....     NoTele   +   (no boots)
Stlth    ++........             (no amulet)
HPRegen  0.06/turn              (no ring)
MPRegen  0.12/turn              (no ring)

@: very slightly contaminated
A: no striking features
a: Channel Magic, Renounce Religion


You were in the Dungeon.
You worshipped Sif Muna.
Sif Muna was pleased with you.
You visited 1 branch

Inventory:

Hand Weapons
 m - a +1 quarterstaff of protection (weapon)
Armour
 a - a +0 robe (worn)
Scrolls
 h - a scroll of blinking
 i - 3 scrolls of remove curse
 j - 5 scrolls of amnesia
 k - a scroll of summoning
Potions
 b - a potion of invisibility
 c - 6 potions of curing
 d - 5 potions of heal wounds
 e - a potion of haste
 f - 4 potions of magic
 g - 3 potions of berserk rage


   Skills:
 - Level 2.5 Dodging
 - Level 2.5 Stealth
 + Level 5.0 Spellcasting
 + Level 3.3 Conjurations
 + Level 5.1 Fire Magic
 + Level 2.1 Invocations


You had 11 spell levels left.
You knew the following spells:

 Your Spells              Type           Power        Failure   Level
a - Foxfire               Conj/Fire      ###.         1%          1

Your spell library contained the following spells:

 Spells                   Type           Power        Failure   Level
 Conjure Flame            Conj/Fire      ###.....     6%          3
 Inner Flame              Hex/Fire       ###.....     12%         3
 Sticky Flame             Conj/Fire      ###.....     21%         4
 Fireball                 Conj/Fire      ###.......   50%         5


Dungeon Overview and Level Annotations

Branches:
Dungeon (1/1)

Altars:
Ashenzari
Cheibriados
Dithmenos
Elyvilon
Fedhas
Gozag
Hepliaklqana
Kikubaaqudgha
Makhleb
Nemelex Xobeh
Okawaru
Qazlal
Ru
Sif Muna
Trog
Uskayaw
Vehumet
Wu Jian
Xom
Yredelemnul
Zin
The Shining One
Beogh
Jiyva
Lugonu

Annotations:
D Edmund, Purgy


Message History

The big kobold hits you with a +1 whip of freezing!
* * * LOW HITPOINT WARNING * * *
The big kobold freezes you.
* * * LOW HITPOINT WARNING * * *
You feel much better.
The big kobold hits you with a +1 whip of freezing.
The big kobold freezes you.
Casting: Foxfire (safe; 1% risk of failure)
Confirm with . or Enter, or press ? or * to list all spells.
You conjure some foxfire!
The big kobold hits you with a +1 whip of freezing.
The big kobold freezes you.
The foxfire hits the big kobold.
The big kobold is severely wounded.
The foxfire hits the big kobold.
The big kobold is almost dead.
The big kobold hits you with a +1 whip of freezing!
* * * LOW HITPOINT WARNING * * *
The big kobold freezes you.
You die...

########### _________.#
_________.#
_______...###########++
##########'##...........
#.?(.')))'.##......#..#.
##########.##...........
#...........K@..........
#'#####÷#####......#..#.
#.#..#..#..##...........
#K#..'..†..#####'#####++
#.##+####†###.......#
#.#........##.......#
#@#........##.......#
#o#####'#####...<...#
#S#..[)))..##.......#


You could see a big kobold.

Vanquished Creatures
  An adder (D)
  3 oozes (D)
  2 ball pythons (D)
  A giant cockroach (D)
  A goblin (D)
  2 quokkas (D)
10 creatures vanquished.

Vanquished Creatures (others)
  39 foxfires (D)
39 creatures vanquished.

Grand Total: 49 creatures vanquished

Notes
Turn   | Place    | Note
-------+----------+-------------------------------------------
     0 | D        | rocky1 the Deep Elf Fire Elementalist began the quest for
                  | the Orb.
     0 | D        | Reached XP level 1. HP: 10/10 MP: 6/6
    50 | D        | Found a bloodstained altar of Trog.
    50 | D        | Found a shimmering blue altar of Sif Muna.
    50 | D        | Found a viscous altar of Jiyva.
    50 | D        | Found a hazy altar of Hepliaklqana.
    50 | D        | Found an opulent altar of Gozag.
    51 | D        | Found a glowing golden altar of the Shining One.
    51 | D        | Found a glowing silver altar of Zin.
    51 | D        | Found a basalt altar of Yredelemnul.
    51 | D        | Found a shimmering altar of Xom.
    51 | D        | Found an ornate altar of the Wu Jian Council.
    51 | D        | Found a sacrificial altar of Ru.
    51 | D        | Found a stormy altar of Qazlal.
    51 | D        | Found an iron altar of Okawaru.
    51 | D        | Found a sparkling altar of Nemelex Xobeh.
    51 | D        | Found a burning altar of Makhleb.
    51 | D        | Found a blossoming altar of Fedhas.
    51 | D        | Found a white marble altar of Elyvilon.
    51 | D        | Found a shadowy altar of Dithmenos.
    51 | D        | Found a snail-covered altar of Cheibriados.
    54 | D        | Found a radiant altar of Vehumet.
    54 | D        | Found a corrupted altar of Lugonu.
    54 | D        | Found a roughly hewn altar of Beogh.
    55 | D        | Found a hide-covered altar of Uskayaw.
    55 | D        | Found an ancient bone altar of Kikubaaqudgha.
    55 | D        | Found a broken altar of Ashenzari.
    57 | D        | Became a worshipper of Sif Muna the Loreminder
    85 | D        | Reached * piety under Sif Muna
    85 | D        | Reached XP level 2. HP: 8/15 MP: 2/9
   228 | D        | Reached skill level 1 in Invocations
   269 | D        | Reached ** piety under Sif Muna
   269 | D        | Reached skill level 5 in Fire Magic
   271 | D        | Reached skill level 5 in Spellcasting
   271 | D        | Reached XP level 3. HP: 14/19 MP: 5/11
   393 | D        | Noticed Edmund
   393 | D        | Noticed Purgy
   393 | D        | Noticed a big kobold
   424 | D        | Slain by a big kobold

Illustrated notes

Levels and vault maps discovered:
D:        pitsprint [storerooms_1, entrance_room_1, metal_vault_5, armoury_2,
          mini_pit_1, grid_room_1, main_hall_1, silver_pit, the_coven_3,
          the_vestibule_1, steel_vault_5, golden_pit, hallway_of_sentries,
          crystal_vault_1, iron_vault_5, final_vault]

Skill      XL: |  1  2 |
---------------+-------+-----
Fire Magic     | 4 5 |  5.1
Spellcasting   | 4 5 |  5.0
Conjurations   | 2 3 |  3.3
Invocations    | 2 |  2.1
Dodging        | |  2.5
Stealth        | |  2.5

Action                   || total
-------------------------++-------
 Cast: Foxfire           ||    21
  Use: Potion            ||     2
Armor: Robe              ||     2
Dodge: Dodged            ||    17

Table legend: (Time is in decaauts)
 A = Elapsed time spent in this place.
 B = Non-inter-level travel time spent in this place.
 C = Inter-level travel time spent in this place.
 D = Time resting spent in this place.
 E = Time spent auto-exploring this place.
 F = Levels seen in this place.
 G = Mean time per level.
                   A        B        C        D        E       F      G
               +--------+--------+--------+--------+--------+-----+--------+
         Total |    423 |    423 |      0 |    225 |      0 |   1 |  423.0 |
       Dungeon |    423 |    423 |      0 |    225 |      0 |   1 |  423.0 |
               +--------+--------+--------+--------+--------+-----+--------+

Top non-repeatable levels by time:
       D: 423 daAuts
